 Dungeon Crawl Stone Soup version 0.16.2-12-gd0ad4c3 (webtiles) character file.

63 faibistes the Cudgeler (level 4, -2/45 HPs)
             Began as an Ogre Warper on Dec 11, 2017.
             Slain by Crazy Yiuf
             ... wielding a +3 quarterstaff of chaos
              (8 damage)
             ... on level 2 of the Dungeon.
             The game lasted 00:07:04 (3132 turns).

faibistes the Cudgeler (Ogre Warper)                Turns: 3132, Time: 00:07:05

Health: -2/45      AC:  3    Str: 16    XL:     4   Next: 10%
Magic:  7/9        EV: 10    Int: 13    God:
Gold:   107        SH:  0    Dex:  9    Spells: 4 memorised, 1 level left

rFire  . . .     SeeInvis .     a - +0 mace
rCold  . . .     Clarity  .     b - +0 robe
rNeg   . . .     SustAb   .     (shield restricted)
rPois  .         Gourm    .     (helmet restricted)
rElec  .         Spirit   .     (no cloak)
rCorr  .         Warding  .     (gloves unavailable)
rMut   .         Stasis   .     (boots unavailable)
MR     .....                    (no amulet)
Stlth  +.........               (no ring)
                                k - ring of invisibility

@: not resistant to hostile enchantments, very unstealthy
A: unfitting armour, tough skin 1
a: Evoke Invisibility


You were on level 2 of the Dungeon.
You were hungry.

You visited 1 branch of the dungeon, and saw 3 of its levels.

You collected 107 gold pieces.

Inventory:

Hand weapons
 a - a +0 mace (weapon)
Missiles
 e - 5 tomahawks of dispersal
 m - 26 stones (quivered)
 x - 6 large rocks
Armour
 b - a +0 robe (worn)
Jewellery
 k - a ring of invisibility (left hand)
 y - an uncursed ring of fire
Scrolls
 d - a scroll of blinking
 l - 3 scrolls of remove curse
 p - 3 scrolls of teleportation
 u - 2 scrolls of identify {unknown}
 w - 2 scrolls of fear
Potions
 g - a potion of curing {unknown}
 h - a potion of poison {unknown}
 j - a potion of mutation {unknown}
 n - 3 potions of heal wounds {unknown}
 o - a potion of cure mutation {unknown}
 q - a potion of cancellation {unknown}
 r - a potion of flight {unknown}
 s - 2 potions of agility {unknown}
Books
 c - a book of Spatial Translocations

   Spells                             Type                      Level
   a - Apportation                    Translocation                1
   b - Blink                          Translocation                2
   c - Shroud of Golubria             Charms/Translocation         2
   d - Portal Projectile              Translocation                3
   e - Teleport Other                 Translocation                3
   f - Passage of Golubria            Translocation                4
 t - Jessica's Volume of the Traveller
   (You found it on level 2 of the Dungeon)

   Spells                             Type                      Level
   a - Blink                          Translocation                2
Comestibles
 f - 2 meat rations
 i - a slice of pizza


   Skills:
 + Level 3.0 Fighting
 * Level 3.5 Maces & Flails
 * Level 2.0 Throwing
 + Level 1.1 Armour
 - Level 1.7 Dodging
 * Level 3.2 Spellcasting
 * Level 2.4 Translocations


You had one spell level left.
You knew the following spells:

 Your Spells              Type           Power        Failure   Level  Hunger
a - Apportation           Tloc           #.........   10%         1    #......
b - Teleport Other        Tloc           #.......     28%         3    ###....
c - Shroud of Golubria    Chrm/Tloc      #.........   21%         2    ##.....
d - Blink                 Tloc           N/A          14%         2    ##.....


Dungeon Overview and Level Annotations

Branches:
Dungeon (3/15)

Altars:

Annotations:
D:2 Crazy Yiuf


Innate Abilities, Weirdness & Mutations

You are too large for most types of armour.
You have tough skin (AC +1).


Message History

Confirm with . or Enter, or press ? or * to list all spells.
Space distorts slightly along a thin shroud covering your body.
Crazy Yiuf hits you but does no damage.
You are electrocuted!
You hit Crazy Yiuf.
Crazy Yiuf is lightly wounded.
Crazy Yiuf barely misses you.
You hit Crazy Yiuf but do no damage.
Crazy Yiuf is lightly wounded.
Crazy Yiuf hits you with a quarterstaff of chaos.
Your shroud falls apart!
You hit Crazy Yiuf.
Crazy Yiuf is moderately wounded.
Crazy Yiuf glowers.
Crazy Yiuf hits you with a quarterstaff of chaos.
Space warps horribly around you!
* * * LOW HITPOINT WARNING * * *
You barely miss Crazy Yiuf.
Crazy Yiuf is moderately wounded.
Crazy Yiuf hits you with a quarterstaff of chaos!
You die...

##### ###### #..)#
.....# #...#
.....# ... .....#
#g# .....# ♣♣@♣
######### .....#
♣.♣♣ #.......#
.....##### ♣♣.♣
#.......#
#####....# ♣.♣♣
#.......# #....#
♣♣.♣ #.......#
#####....###
♣.P♣♣♣ ##.......##
...........#
♣.PPP♣ #........>#
#####....###
#....# ##.......##
...........#
#....#####)......#


You could see Crazy Yiuf.

Vanquished Creatures
  Jessica (D:2)
  A giant mite (D:1)
  A ball python (D:1)
  3 giant cockroaches
  5 goblins
  7 hobgoblins
  3 kobolds
  A quokka (D:2)
  A bat (D:2)
  5 jackals (D:2)
  10 rats
  A fungus (D:2)
39 creatures vanquished.

Notes
Turn   | Place    | Note
--------------------------------------------------------------
     0 | D:1      | faibistes, the Ogre Warper, began the quest for the Orb.
     0 | D:1      | Reached XP level 1. HP: 22/22 MP: 3/3
   176 | D:1      | HP: 1/22 [goblin/dagger (3)]
   197 | D:1      | Reached skill level 1 in Armour
   197 | D:1      | Reached XP level 2. HP: 3/29 MP: 5/5
   209 | D:1      | Learned a level 2 spell: Blink
   212 | D:1      | Learned a level 2 spell: Shroud of Golubria
  1012 | D:1      | Reached skill level 3 in Maces & Flails
  1419 | D:2      | Reached XP level 3. HP: 26/36 MP: 7/7
  1582 | D:2      | Noticed Jessica
  1613 | D:2      | Killed Jessica
  1621 | D:2      | Identified Jessica's Volume of the Traveller
  1629 | D:2      | Learned a level 3 spell: Teleport Other
  2555 | D:2      | Reached XP level 4. HP: 44/44 MP: 9/9
  3125 | D:2      | Noticed Crazy Yiuf
  3132 | D:2      | Slain by Crazy Yiuf

Action                   |  1- 3 |  4- 6 || total
-------------------------+-------+-------++-------
Melee: Mace              |   133 |    44 ||   177
Throw: Stone             |     6 |    10 ||    16
 Cast: Shroud of Golubri |     6 |     3 ||     9
  Use: Scroll            |     2 |     1 ||     3
  Eat: Chunk             |     6 |     1 ||     7
